 Dungeon Crawl Stone Soup version 0.27.1-3-gb3d3a73c9e (webtiles) character file.

Game seed: 14562287439360269836

2758 thierryV the Cleaver (level 9, -16/61 HPs)
             Began as a Minotaur Gladiator on Oct 30, 2021.
             Was an Elder of Hepliaklqana.
             Killed from afar by a steam dragon (25 damage)
             ... with a ball of steam
             ... on level 9 of the Dungeon.
             The game lasted 00:30:20 (6438 turns).

thierryV the Cleaver (Minotaur Gladiator)           Turns: 6438, Time: 00:30:21

Health: -16/61     AC: 10    Str: 20    XL:     9   Next: 41%
Magic:  8/8        EV: 11    Int:  8    God:    Hepliaklqana [****..]
Gold:   221        SH:  0    Dex: 11    Spells: 8/8 levels left

rFire    x . .     SeeInvis +   f - +1 hand axe (vorpal)
rCold    + . .     Faith    .   (no shield)
rNeg     . . .     Spirit   .   t - +2 ring mail "Kearhiur" {SInv}
rPois    .         Reflect  .   c - +0 hat
rElec    .         Harm     .   (no cloak)
rCorr    .         Rampage  .   (no gloves)
Will     .....                  s - +0 pair of boots
Stlth    +.........             (no amulet)
HPRegen  0.20/turn              e - ring of ice
MPRegen  0.11/turn              (no ring)

@: no status effects
A: reduced essence, horns 2, retaliatory headbutt
a: Renounce Religion, Recall Ancestor, Ancestor Identity, Transference, Idealise


You were on level 9 of the Dungeon.
You worshipped Hepliaklqana.
Hepliaklqana was greatly pleased with you.
You visited 1 branch of the dungeon, and saw 10 of its levels.

You collected 221 gold pieces.

Inventory:

Hand Weapons
 a - a +0 war axe
 f - a +1 vorpal hand axe (weapon)
 j - a +0 hunting sling
 m - a +0 whip
 w - a +2 halberd of freezing
Missiles
 d - 4 throwing nets
 g - 16 poisoned darts (quivered)
 k - 46 bolts
 l - 61 stones
 v - 5 boomerangs
Armour
 b - a +0 leather armour
 c - a +0 hat (worn)
 s - a +0 pair of boots (worn)
 t - the +2 ring mail "Kearhiur" (worn) {SInv}
   (You found it on level 8 of the Dungeon)

   SInv:      It lets you see invisible.
Jewellery
 e - a ring of ice (left hand)
Scrolls
 o - 2 scrolls of blinking {unknown}
 p - 2 scrolls of teleportation
 q - 2 scrolls of fear {unknown}
 u - a scroll of enchant armour {unknown}
 x - a scroll of enchant weapon {unknown}
 y - a scroll of silence {unknown}
Potions
 h - 2 potions of curing
 i - a potion of brilliance
 n - 2 potions of cancellation {unknown}
 r - 2 potions of flight {unknown}


   Skills:
 - Level 2.4 Fighting
 + Level 12.8 Axes
 - Level 2.0 Throwing
 + Level 8.8 Armour
 - Level 3.2 Dodging


You had 8 spell levels left.
You didn't know any spells.
Your spell library contained the following spells:

 Spells                   Type           Power      Damage    Failure   Level
 Static Discharge         Conj/Air       0%         N/A       69%         2
 Sublimation of Blood     Necr           0%         N/A       69%         2
 Wereblood                Tmut           0%         N/A       69%         2
 Dispel Undead            Necr           0%         3d6       100%        4
 Leda's Liquefaction      Hex/Erth       0%         N/A       100%        4
 Sticky Flame             Conj/Fire      0%         2d3       100%        4
 Bolt of Magma            Conj/Fire/Erth 0%         4d4       100%        5
 Statue Form              Tmut/Erth      0%         N/A       100%        6
 Summon Hydra             Summ           0%         N/A       100%        7


Dungeon Overview and Level Annotations

Branches:
Dungeon (10/15)
 Temple: D:4-7         Lair: D:8-11         Orc: D:9-12

Altars:
Cheibriados
Dithmenos
Hepliaklqana
Sif Muna

Annotations:
D:8 Gastronok


Innate Abilities, Weirdness & Mutations

Your life essence is reduced to manifest your ancestor. (-10% HP)
You have a pair of horns on your head.
You reflexively headbutt those who attack you in melee.


Message History

You start resting.
A steam dragon is nearby!
Throw: 17 darts (poison)
Press: ? - help, Q - select action, (/) - cycle Shift-Dir - straight line, f - steam dragon
Aim: a steam dragon (57% to hit)
You throw a poisoned dart. Xochipepe avoids your attack.
The poisoned dart hits the steam dragon.
The steam dragon breathes steam at you.
The ball of steam hits Xochipepe.
Xochipepe resists.
Unknown command.
Throw: 16 darts (poison)
Press: ? - help, Q - select action, (/) - cycle Shift-Dir - straight line, f - you Really target yourself? [Y]es or [N]o only, please.
Really target yourself? [Y]es or [N]o only, please.
Really target yourself? [Y]es or [N]o only, please.
Really target yourself?
Okay, then.
You are engulfed in a cloud of scalding steam.
You swap places.
You are engulfed in a cloud of scalding steam.
You are engulfed in a cloud of scalding steam.
The steam dragon breathes steam at you. The ball of steam misses you.
The ball of steam hits Xochipepe.
Xochipepe resists.
You are engulfed in a cloud of scalding steam.
* * * LOW HITPOINT WARNING * * *
The steam dragon closely misses you.
The steam dragon claws you but does no damage.
You closely miss the steam dragon.
You headbutt the steam dragon, but do no damage.
The steam dragon closely misses you.
The steam dragon claws you but does no damage.
You barely miss the steam dragon. Your headbutt misses the steam dragon.
The steam dragon breathes steam at you. The ball of steam hits you!!
The steam scalds you terribly!
You die...

.............#
.............###
...........D.... ##
#######......... ...
#####.........
...#######......>......
..........##...#####..
#############...# #..
#.§..R@D)(..††..#####..
#############†.........
......................
#########.............
#...########..
######......Y.RY...
........)...Y......
........#######.###
#######)# #.#


You could see the friendly Xochipepe the hexer and a steam dragon (catching
breath, ally target).

Vanquished Creatures
  2 centaur zombies
  4 yaks (D:9)
  2 water moccasins
  An orc warrior (D:10)
  A wolf (D:8)
  2 bullfrogs
  A gnoll sergeant (D:9)
  2 scorpions
  2 wights (D:8)
  A hound (D:8)
  2 jellies
  2 orc priests (D:3)
  A bullfrog skeleton (D:3)
  Jessica (D:2)
  An orc wizard (D:4)
  A hound skeleton (D:4)
  6 gnolls
  An adder (D:4)
  An adder skeleton (D:4)
  A worm (D:5)
  3 dart slugs
  8 orcs
  3 bats
  6 endoplasms
  5 goblins
  6 hobgoblins
  8 jackals
  6 kobolds
  3 quokkas
  4 ball pythons
  A frilled lizard (D:2)
  A jackal skeleton (D:4)
  4 rats
93 creatures vanquished.

Vanquished Creatures (collateral kills)
  A water moccasin (D:7)
  An ice beast (D:6)
  An ogre (D:5)
  A wolf (D:9)
  A bullfrog (D:9)
  A gnoll sergeant (D:10)
  A wight (D:8)
  A bullfrog skeleton (D:7)
  An orc priest (D:10)
  2 orc wizards
  2 gnolls
  3 orcs
  A kobold (D:3)
  A frilled lizard (D:2)
18 creatures vanquished.

Vanquished Creatures (others)
  An electric eel (D:10)
  A hexer (D:3)
  A plant (D:10)
3 creatures vanquished.

Grand Total: 114 creatures vanquished

Notes
Turn   | Place    | Note
-------+----------+-------------------------------------------
     0 | D:1      | thierryV the Minotaur Gladiator began the quest for the
                  | Orb.
     0 | D:1      | Reached XP level 1. HP: 18/18 MP: 0/0
   105 | D:2      | Reached skill level 4 in Axes
   132 | D:2      | Found a faded altar of an unknown god.
   136 | D:2      | Became a worshipper of Hepliaklqana the Forgotten
   136 | D:2      | Reached * piety under Hepliaklqana
   223 | D:3      | Reached XP level 2. HP: 22/22 MP: 1/1
   678 | D:2      | Noticed Jessica
   690 | D:2      | Killed Jessica
   691 | D:2      | Reached skill level 5 in Axes
   691 | D:2      | Reached XP level 3. HP: 23/27 MP: 2/2
   816 | D:2      | Found a shimmering blue altar of Sif Muna.
  1298 | D:2      | Reached XP level 4. HP: 33/33 MP: 3/3
  1344 | D:2      | Reached skill level 6 in Axes
  1736 | D:3      | Reached ** piety under Hepliaklqana
  1755 | D:3      | Remembered your ancestor Xochipepe as a hexer
  1941 | D:3      | Reached skill level 7 in Axes
  1941 | D:3      | Reached XP level 5. HP: 37/37 MP: 4/4
  2005 | D:5      | Entered Level 5 of the Dungeon
  2030 | D:5      | Noticed an ogre
  2184 | D:4      | Noticed a steam dragon
  2486 | D:5      | Noticed a black bear
  2520 | D:5      | Noticed a water moccasin
  2603 | D:3      | HP: 1/37 [poisoned by a water moccasin]
  2613 | D:3      | Killed a water moccasin
  2614 | D:3      | Reached skill level 8 in Axes
  2614 | D:3      | Reached XP level 6. HP: 6/45 MP: 3/5
  3460 | D:4      | Reached *** piety under Hepliaklqana
  3488 | D:4      | Reached skill level 9 in Axes
  3934 | D:5      | Reached XP level 7. HP: 50/50 MP: 6/6
  4033 | D:6      | Reached skill level 10 in Axes
  4377 | D:7      | Reached skill level 11 in Axes
  4405 | D:7      | Found a snail-covered altar of Cheibriados.
  4744 | D:7      | Reached XP level 8. HP: 45/55 MP: 7/7
  4887 | D:8      | Found a shadowy altar of Dithmenos.
  4897 | D:8      | Identified the +2 ring mail "Kearhiur" {SInv}
  4968 | D:8      | Reached skill level 12 in Axes
  5148 | D:8      | Reached skill level 5 in Armour
  5237 | D:8      | Noticed Gastronok
  5345 | D:9      | Noticed a troll
  5423 | D:10     | Entered Level 10 of the Dungeon
  5625 | D:10     | Reached XP level 9. HP: 54/61 MP: 8/8
  5781 | D:10     | Reached **** piety under Hepliaklqana
  6438 | D:9      | Killed from afar by a steam dragon

Illustrated notes

Levels and vault maps discovered:
D:1:      shiori_shiawase, layout_basic, minmay_pentomino_p2
D:2:      layout_basic, basic_altar, hellmonk_ecumenical_altar_heavens_door,
          kennysheep_jessica_study
D:3:      layout_loops_ring, dk_vineyard_2, kennysheep_generic_room_14
D:4:      layout_layer_cave, minmay_hedge_maze
D:5:      layout_gridville, uniq_crazy_yiuf_cottage
D:6:      layout_basic, mainiacjoe_overflow_tiny_flanked,
          nicolae_qazlal_scattered_showers, minmay_temple_entry_junction,
          minmay_liquid_box, kennysheep_generic_room_3
D:7:      layout_basic, lemuel_tele_altar, lemuel_coloured_pillars_altar,
          kennysheep_generic_room_5
D:8:      layout_rooms, grunt_dithmenos_smoke_and_mirrors,
          mainiacjoe_overflow_boulevard, enter_bailey_3, uniq_gastronok,
          uniq_erica, uniq_pikel
D:9:      layout_long_grid, trog_antimagical, tgw_sif, erik_lair_island,
          serial_co_window_serial, co_window_cross_1, co_window_paths_a,
          co_window_paths_a, co_window_corner_a, co_window_corner_a,
          co_window_cross_2, co_window_paths_c, co_window_of_opportunity_c,
          glass_columns_a
D:10:     layout_roguey, chequers_serial_rivers_micro_d, serial_bayou_ford_a

Skill      XL: |  1  2  3  4  5  6  7  8  9 |
---------------+----------------------------+-----
Axes           | 4 5 7 8 9 11 12 | 12.8
Armour         | 7 8 |  8.8
Fighting       | |  2.4
Throwing       | |  2.0
Dodging        | |  3.2

Action                   |  1- 3 |  4- 6 |  7- 9 || total
-------------------------+-------+-------+-------++-------
Melee: War axe           |    54 |     7 |       ||    61
       Headbutt          |     6 |    25 |    32 ||    63
       Hand axe          |       |    70 |   144 ||   214
Throw: Dart              |       |       |    33 ||    33
Invok: Recall Ancestor   |     2 |     2 |     3 ||     7
       Ancestor Life: He |       |     1 |       ||     1
  Use: Scroll            |     3 |     2 |       ||     5
       Potion            |     1 |     5 |     2 ||     8
 Stab: Distracted        |       |     1 |     3 ||     4
       Confused          |       |     1 |       ||     1
Armor: Leather armour    |    12 |     8 |     7 ||    27
       Ring mail         |       |       |    41 ||    41
Dodge: Dodged            |    47 |    45 |    63 ||   155
